 Dungeon Crawl Stone Soup version 0.29.1-2-gbd0b4ee654 (webtiles) character file.

Game seed: 4177085009665043093

5002 qeuew the Cleaver (level 10, 0/91 HPs)
             Began as a Hill Orc Fighter on Nov 14, 2022.
             Was a Believer of Okawaru.
             Killed from afar by an electric eel (9 damage)
             ... with a bolt of electricity
             ... on level 8 of the Dungeon.
             The game lasted 00:10:14 (7905 turns).

qeuew the Cleaver (Hill Orc Fighter)                Turns: 7905, Time: 00:10:15

Health: 0/91       AC: 13    Str: 20    XL:     10   Next: 54%
Magic:  10/10      EV: 12    Int:  8    God:    Okawaru [**....]
Gold:   134        SH:  7    Dex: 14    Spells: 9/9 levels left

rFire   . . .      SeeInvis .   a - +1 war axe
rCold   . . .      Faith    .   c - +1 buckler
rNeg    . . .      Spirit   .   b - +0 scale mail
rPois   .          Reflect  .   (no helmet)
rElec   .          Harm     .   (no cloak)
rCorr   .          Rampage  .   (no gloves)
Will    .....                   h - +4 pair of boots "Anao" {Slay+4}
Stlth   ..........              (no amulet)
HPRegen 0.25/turn               (no ring)
MPRegen 0.12/turn               (no ring)

@: no status effects
A: no striking features
a: Renounce Religion, Heroism


You were on level 8 of the Dungeon.
You worshipped Okawaru.
Okawaru was pleased with you.
You visited 2 branches of the dungeon, and saw 9 of its levels.
You also visited: Sewer and Ossuary.

You collected 381 gold pieces.
You spent 247 gold pieces at shops.

Inventory:

Hand Weapons
 a - a +1 war axe (weapon)
Armour
 b - a +0 scale mail (worn)
 c - a +1 buckler (worn)
 h - the +4 pair of boots "Anao" (worn) {Slay+4}
   (You acquired it in a sewer)

   Slay:      It affects your accuracy & damage with ranged weapons and melee
   (+4).
Jewellery
 j - a +6 ring of dexterity
Wands
 l - a wand of iceblast (14)
 v - a wand of polymorph (12)
 x - a wand of quicksilver (8)
Scrolls
 f - 4 scrolls of teleportation
 g - a scroll of amnesia
 m - a scroll of enchant armour
 o - 2 scrolls of enchant weapon
 q - 2 scrolls of identify
 t - a scroll of magic mapping
Potions
 d - 3 potions of might
 e - 3 potions of haste
 i - 3 potions of magic
 k - 5 potions of curing
 n - 5 potions of heal wounds
 p - a potion of resistance
 r - 2 potions of flight
 u - a potion of berserk rage
 w - a potion of brilliance


   Skills:
 + Level 9.5 Fighting
 + Level 10.4 Axes
 + Level 8.6 Armour
 + Level 6.0 Dodging
 + Level 8.6 Shields
 - Level 4.7 Evocations


You had 9 spell levels left.
You didn't know any spells.
Your spell library contained the following spells:

 Spells                   Type           Power      Damage    Failure   Level
 Slow                     Hex            0%         N/A       80%         1
 Sublimation of Blood     Necr           0%         N/A       90%         2
 Confusing Touch          Hex            0%         N/A       99%         3
 Vampiric Draining        Necr           0%         2d6       99%         3
 Petrify                  Tmut/Erth      0%         N/A       100%        4
 Irradiate                Conj/Tmut      0%         3d11      100%        5


Dungeon Overview and Level Annotations

Branches:
Dungeon (8/15)             Temple (1/1) D:6           Sewer (visited)
Ossuary (visited)
   Lair: D:8-11

Altars:
Ashenzari
Cheibriados
Dithmenos
Fedhas
Gozag
Hepliaklqana
Makhleb
Nemelex Xobeh
Okawaru
Sif Muna
Trog
Uskayaw
Vehumet
Wu Jian
Xom
Yredelemnul
Zin

Shops:
D:2 =   D:7 [[*(


Message History

You see here a manticore corpse.
You close the door.
You start resting.
An orc wizard is nearby!
You enter the shallow water.
Moving in this stuff is going to be slow.
The orc wizard shouts!
You completely miss the orc wizard. The orc wizard closely misses you.
Your unstable footing causes you to fumble your attack.
The orc wizard closely misses you.
You completely miss the orc wizard.
The orc wizard hits you with a +2 dagger of venom.
* * * LOW HITPOINT WARNING * * *
You are poisoned.
Your unstable footing causes you to fumble your attack.
You feel very sick.
The orc wizard hits you with a +2 dagger of venom.
* * * LOW HITPOINT WARNING * * *
Your unstable footing causes you to fumble your attack.
You feel sick.
The orc wizard gestures wildly while chanting.
The orc wizard flickers and vanishes!
Deactivating autopickup; reactivate with Ctrl-A.
You slash something! Okawaru accepts your kill.
You hear a splash. x4
Reactivating autopickup.
You feel a bit more experienced.
You feel sick.
You feel your strength returning.
Unknown command.
You feel sick.
j - a +6 ring of dexterity;
m - a scroll of enchant armour
Things that are here:
a +2 dagger of venom; a +0 robe; an orc corpse You feel sick.
You feel sick.
You are no longer poisoned.
The electric eel shoots out a bolt of lightning at you!
The bolt of electricity hits you!
You die...

##....~##SSS##.......#
##.######SS~≈≈#.#######
#~##S≈≈##??.!~#.#
#~#≈≈[≈≈#?.~..#.#
#~#.~...#~P..~#.#
#~#.~~~S#.....#.#
#.#.P.~~#.... #.#
####.#.....##..'####
≈≈##.#.....#####@.#
≈###.##..+##~)~..###
..###.####÷~~#####.#
.## ##~~...### #.# .#
######## #.###
.####......#### #...#
<.............######.#
.)###......##...# #.###
..#
#......##.#.####^..##


You could see 2 electric eels.

Vanquished Creatures
  Pikel (D:8)
  A manticore (D:8)
  Joseph (D:8)
  A gargoyle (D:7)
  A steam dragon (D:4)
  Pargi (Sewer)
  An ice beast (D:7)
  3 sky beasts
  An orc warrior (D:7)
  An ogre (D:7)
  A centaur (D:8)
  A kobold brigand (D:5)
  12 scorpions
  A bullfrog (D:8)
  An electric eel (D:8)
  5 howler monkeys
  3 orc priests
  5 hounds
  A jelly (D:4)
  2 human zombies (Ossuary)
  2 gnoll boudas
  4 iguanas
  Ijyb (D:4)
  Natasha (thrice) (D:2)
  5 scorpion zombies (Ossuary)
  2 orc wizards (D:8)
  4 mummies
  12 gnolls
  11 adders
  2 shadow imps
  3 white imps
  An ufetubus (D:6)
  A worm (D:3)
  4 dart slugs
  15 orcs
  5 ball pythons
  4 endoplasms
  7 giant cockroaches
  3 gnoll zombies (Ossuary)
  9 goblins
  4 hobgoblins
  3 jackals (D:3)
  7 quokkas
  3 bats (D:2)
  8 frilled lizards
  4 goblin zombies
  4 hobgoblin zombies
  9 kobolds
  2 rats (D:1)
186 creatures vanquished.

Vanquished Creatures (others)
  An endoplasm (D:4)
  5 plants (D:8)
6 creatures vanquished.

Grand Total: 192 creatures vanquished

Notes
Turn   | Place    | Note
-------+----------+-------------------------------------------
     0 | D:1      | qeuew the Hill Orc Fighter began the quest for the Orb.
     0 | D:1      | Reached XP level 1. HP: 19/19 MP: 1/1
   162 | D:1      | Reached XP level 2. HP: 27/27 MP: 2/2
   166 | D:1      | Reached skill level 3 in Axes
   276 | D:1      | Reached XP level 3. HP: 33/33 MP: 3/3
   759 | D:2      | Noticed Natasha
   764 | D:2      | Killed Natasha
   765 | D:2      | Reached skill level 1 in Dodging
   765 | D:2      | Reached XP level 4. HP: 37/40 MP: 4/4
   811 | D:2      | Found a faded altar of an unknown god.
  1110 | D:2      | Noticed Natasha
  1118 | D:2      | Killed Natasha
  1119 | D:2      | Reached XP level 5. HP: 39/47 MP: 5/5
  1308 | D:2      | Noticed Natasha
  1316 | D:2      | Killed Natasha
  1317 | D:2      | Reached skill level 4 in Axes
  1405 | D:2      | Found Bozos's Jewellery Shoppe.
  1531 | D:3      | Found a glowing drain.
  1558 | Sewer    | Entered a sewer
  1626 | Sewer    | Noticed Pargi
  1635 | Sewer    | Killed Pargi
  1636 | Sewer    | Reached XP level 6. HP: 49/55 MP: 6/6
  1767 | Sewer    | Identified a scroll of acquirement
  1767 | Sewer    | Acquired the +4 pair of boots "Anao" {Slay+4}
  1831 | D:3      | Reached skill level 5 in Fighting
  1957 | D:3      | Found a bloodstained altar of Trog.
  2210 | D:4      | Found a snail-covered altar of Cheibriados.
  2213 | D:4      | Noticed a steam dragon
  2213 | D:4      | Noticed Ijyb
  2224 | D:4      | Killed Ijyb
  2231 | D:4      | Killed a steam dragon
  2232 | D:4      | Reached skill level 5 in Axes
  2232 | D:4      | Reached XP level 7. HP: 15/61 MP: 7/7
  3036 | D:4      | Reached skill level 9 in Axes
  3036 | D:4      | Reached XP level 8. HP: 74/74 MP: 8/8
  3159 | D:5      | Entered Level 5 of the Dungeon
  3172 | D:4      | Reached skill level 5 in Dodging
  3484 | D:5      | Found a sand-covered staircase.
  3491 | Ossuary  | Entered an ossuary
  3718 | Ossuary  | Reached XP level 9. HP: 59/82 MP: 9/9
  4644 | D:5      | Found a shimmering blue altar of Sif Muna.
  4787 | D:6      | Found an ornate altar of the Wu Jian Council.
  4964 | D:6      | Found a staircase to the Ecumenical Temple.
  4966 | D:6      | Identified the +0 scale mail of Happy Babbling {*Slow rElec
                  | rC+}
  5011 | Temple   | Entered the Ecumenical Temple
  5195 | Temple   | Became a worshipper of Warmaster Okawaru
  6037 | D:7      | Identified the +11 spear of the Several Portals {pain,
                  | Dex+4}
  6055 | D:7      | Noticed a gargoyle
  6072 | D:7      | Killed a gargoyle
  6072 | D:7      | Reached * piety under Okawaru
  6073 | D:7      | Reached skill level 10 in Axes
  6073 | D:7      | Reached XP level 10. HP: 29/91 MP: 10/10
  6365 | D:7      | Found Voudim's Assorted Antiques.
  6371 | D:7      | Found Diakhit's Antique Armour Shop.
  6374 | D:7      | Bought a fine cloak for 247 gold pieces
  6374 | D:7      | Identified the -2 cloak of the Equinox {Int+4} (You bought
                  | it in a shop on level 7 of the Dungeon)
  6531 | D:7      | Found Cuastuj's Weapon Shop.
  6531 | D:7      | Found Kumibad's Armour Boutique.
  6769 | D:8      | Noticed Pikel
  6784 | D:8      | Killed Pikel
  6866 | D:8      | Noticed Joseph
  6878 | D:8      | Killed Joseph
  7572 | D:8      | Reached ** piety under Okawaru
  7596 | D:8      | Noticed a manticore
  7666 | D:8      | Killed a manticore
  7905 | D:8      | Killed from afar by an electric eel

Illustrated notes

Levels and vault maps discovered:
D:1:      pf_arrival_petrified_forest, layout_basic
D:2:      layout_rooms, serial_shops, shop,
          hellmonk_ecumenical_altar_crossroads, uniq_natasha
D:3:      layout_rooms, mainiacjoe_overflow_paths, gup_sewer_entry_pipe,
          grunt_decor_cap, hex_large
D:4:      layout_loops_ring, mainiacjoe_overflow_chevrons, uniq_ijyb
D:5:      layout_cave_pools, kennysheep_mini_moat, nicolae_ossuary_entry_giza
D:6:      layout_basic, mainiacjoe_overflow_small_starburst,
          minmay_temple_entry_glassed_door
D:7:      layout_rooms, serial_shops, shop, shop, nicolae_shop_trees, shop
D:8:      cheibrodos_two_vegetables, layout_loops_ring, serial_rivers,
          chequers_serial_rivers_marsh, chequers_serial_rivers_large_b,
          chequers_serial_rivers_room_b, chequers_serial_rivers_small_b,
          chequers_serial_rivers_micro_c, kennysheep_generic_room_15,
          uniq_pikel, uniq_joseph
Temple:   nicolae_temple_bog_church

Skill      XL: |  1  2  3  4  5  6  7  8  9 10 |
---------------+-------------------------------+-----
Axes           | 3 4 5 9 10 | 10.4
Fighting       | 4 5 8 9 |  9.5
Dodging        | 1 2 4 5 6 |  6.0
Armour         | 4 7 8 |  8.6
Shields        | 4 7 8 |  8.6
Evocations     | 4 |  4.7

Action                   |  1- 3 |  4- 6 |  7- 9 | 10-12 || total
-------------------------+-------+-------+-------+-------++-------
Melee: War axe           |    37 |   148 |   270 |    96 ||   551
  Use: Scroll            |     5 |     7 |     8 |     1 ||    21
       Potion            |     2 |       |     6 |       ||     8
Armor: Scale mail        |    12 |    97 |   130 |    30 ||   269
Dodge: Dodged            |    12 |    84 |   151 |    30 ||   277
Block: Buckler           |     7 |    46 |    98 |    23 ||   174
